[Event "16th EWICC 2015"]
[Site "Kutaisi"]
[Date "2015.06.01"]
[Round "1"]
[White "Arabidze, Meri"]
[Black "Zaksaite, Salomeja"]
[Result "1-0"]
[ECO "D85"]
[WhiteElo "2403"]
[BlackElo "2203"]
[Annotator "Robot 11"]
[PlyCount "73"]
[EventDate "2015.??.??"]
[EventCountry "GEO"]
[TimeControl "900+10"]

1. d4 Nf6 2. c4 g6 3. Nc3 d5 4. cxd5 Nxd5 5. e4 Nxc3 6. bxc3 Bg7 7. Bb5+ c6 8. Ba4 O-O 9. Ne2 e5 10. O-O Bg4 11. f3 Be6 12. Ba3 Re8 13.
d5 Bd7 14. Rb1 b6 15. c4 c5 16. Bxd7 Nxd7 17. Bb2 Nf6 18. Nc1 Re7 19. Nd3 Ne8 20. f4 f6 21. Rc1 exf4 22. Nxf4 Rxe4 23. Ne6 Qe7 24. Qf3 f5 25. Nxg7 Nxg7 26. Rfd1 Qd6 27. Qc3 Re7 28. a4 h6 29. Ra1 Kh7 30. a5 Rae8 31. axb6 axb6 32. Re1 f4 33. Rxe7 Qxe7 34. d6 Qd7 35. Rf1 Nh5 36. Rd1 Re3 37. Qh8# 1-0

[Event "16th EWICC 2015"]
[Site "Kutaisi"]
[Date "2015.06.01"]
[Round "1"]
[White "Arakhamia-Grant, Ketevan"]
[Black "Nikoladze, Sopio"]
[Result "1-0"]
[ECO "B07"]
[WhiteElo "2393"]
[BlackElo "2155"]
[Annotator "Robot 11"]
[PlyCount "177"]
[EventDate "2015.??.??"]
[EventCountry "GEO"]
[TimeControl "900+10"]

1. e4 d6 2. d4 Nf6 3. Nc3 Nbd7 4. Nf3 e5 5. Bc4 Be7 6. O-O c6 7. a4 O-O 8.
Re1 Qc7 9. b3 b6 10. d5 c5 11. Bd3 Ne8 12. Ne2 g6 13. Bh6 Ng7 14. Ng3 Nf6 15. h3 Kh8 16. Qd2 Ng8 17. h4 f5 18. exf5 gxf5 19. Bxg7+ Kxg7 20. Ng5 Qd8 21. Rad1 Bxg5 22. hxg5 Kg6 23. f4 exf4 24. Qxf4 Qxg5 25. Qxd6+ Rf6 26. Qc7 Bd7 27. Nf1 Rf7 28. Nh2 Be8 29. Re6+ Nf6 30. Nf3 Rxc7 31. Nxg5 Kxg5 32.
Rf1 Bg6 33. d6 Rf7 34. Bb5 Rd8 35. Rd1 f4 36. c3 Nd7 37. Re7 Kf6 38. Rde1 Nf8 39. Bc4 Rg7 40. Rf1 Rxd6 41. Rxg7 Kxg7 42. Rxf4 Rd1+ 43. Kf2 Rd2+ 44. Kg3 Rc2 45. Rf3 Nd7 46. Re3 Nf6 47. Re7+ Kh6 48. Rxa7 Rxc3+ 49. Kf4 Rc2 50. g3 Nh5+ 51. Kg4 Rc3 52. Rb7 Rxg3+ 53. Kh4 Re3 54. Rxb6 Re5 55. a5 Re4+ 56. Kh3 Kg5 57. a6 Bf5+ 58. Kg2 Re1 59. Rb5 Re5 60. Rb8 Be4+ 61. Kf2 Nf6 62. Rc8 Nd7 63. Bb5 Nb6 64. Rb8 Na8 65. Bd7 Re7 66. Bb5 h5 67. Rc8 Re5 68. Bc6 Bxc6 69.
Rxc6 h4 70. Rc8 Rf5+ 71. Kg2 Nb6 72. Rb8 c4 73. Rxb6 cxb3 74. a7 Ra5 75. Rb5+ Rxb5 76. a8=Q b2 77. Qd8+ Kf4 78. Qd4+ Kg5 79. Qe3+ Kf6 80. Qh6+ Ke7 81. Qxh4+ Kd6 82. Qd4+ Kc7 83. Qg7+ Kb6 84. Qg6+ Ka5 85. Qb1 Ka4 86. Qa2+ Kb4 87. Qxb2+ Ka5 88. Qc3+ Kb6 89. Kf2 1-0

[Event "16th EWICC 2015"]
[Site "Kutaisi"]
[Date "2015.06.01"]
[Round "1"]
[White "Charkhalashvili, Inga"]
[Black "Donghvani, Nia"]
[Result "1-0"]
[ECO "D17"]
[WhiteElo "2318"]
[BlackElo "1444"]
[Annotator "Robot 11"]
[PlyCount "101"]
[EventDate "2015.??.??"]
[EventCountry "GEO"]
[TimeControl "900+10"]

1. d4 d5 2. c4 c6 3. Nc3 Nf6 4. Nf3 dxc4 5. a4 Bf5 6. Ne5 e6 7. Nxc4 Bb4 8. e3 O-O 9. Be2 Ne4 10. Qb3 Bxc3+ 11. bxc3 b6 12. O-O Nd7 13. f3 Nef6 14. Ba3 c5 15. Nd6 Bg6 16. Rad1 Nd5 17. c4 Nb4 18.
Bxb4 cxb4 19. Qxb4 Nf6 20. Nb5 Qd7 21. e4 Rac8 22. e5 Ne8 23.
Rd2 a6 24. Nc3 Qc6 25. Rb2 Rb8 26. d5 exd5 27. Nxd5 Qe6 28. Ne7+ Kh8 29. Nxg6+ hxg6 30. Qxf8+ Kh7 31. f4 Rc8 32. Qb4 a5 33. Qxb6 Qxb6+ 34. Rxb6 Kg8 35. Bg4 Rd8 36. c5 Nc7 37. Rb7 Ne6 38. Bxe6 fxe6 39. c6 Rc8 40. c7 Kh7 41. Rf3 g5 42. fxg5 Kg6 43. Rc3 Kxg5 44. Rb8 Rxb8 45. cxb8=Q Kf5 46. Rf3+ Kg4 47. h3+ Kg5 48. Qd8+ Kg6 49. Qe7 Kh5 50. Qxg7 Kh4 51. Qg4# 1-0

[Event "16th EWICC 2015"]
[Site "Kutaisi"]
[Date "2015.06.01"]
[Round "1"]
[White "Charochkina, Daria"]
[Black "Khmiadashvili, Tamar"]
[Result "1-0"]
[ECO "A40"]
[WhiteElo "2391"]
[BlackElo "2043"]
[Annotator "Robot 11"]
[PlyCount "59"]
[EventDate "2015.??.??"]
[EventCountry "GEO"]
[TimeControl "900+10"]

1. d4 c6 2. c4 g6 3. Nc3 Bg7 4. e4 d6 5. Nf3 Bg4 6. Be3 e6 7. h3 Bxf3 8.
Qxf3 Na6 9. O-O-O Bh6 10. e5 Bxe3+ 11. Qxe3 Ne7 12. g4 h5 13.
Be2 d5 14. f4 dxc4 15. Bxc4 Nd5 16. Bxd5 cxd5 17. Nb5 Qa5 18. Nd6+ Ke7 19. Kb1 Nb4 20. a3 Nc6 21. f5 hxg4 22. Qg5+ Kd7 23. Qf6 gxf5 24. Qxf7+ Ne7 25. Nxb7 Qb6 26. Nc5+ Qxc5 27. dxc5 Rac8 28. c6+ Rxc6 29. hxg4 Re8 30. gxf5 1-0

[Event "16th EWICC 2015"]
[Site "Kutaisi"]
[Date "2015.06.01"]
[Round "1"]
[White "Choladze, Mariam"]
[Black "Zhukova, Natalia"]
[Result "0-1"]
[ECO "C70"]
[WhiteElo "1989"]
[BlackElo "2456"]
[Annotator "Robot 11"]
[PlyCount "48"]
[EventDate "2015.??.??"]
[EventCountry "GEO"]
[TimeControl "900+10"]

1. e4 e5 2. Nf3 Nc6 3. Bb5 a6 4. Ba4 Nge7 5. c3 g6 6. d4 exd4 7. cxd4 b5 8.
Bb3 Bg7 9. O-O O-O 10. Nc3 d6 11. Nd5 h6 12. Be3 Na5 13. Qd2 Nxb3 14. Nxe7+ Qxe7 15. axb3 g5 16. Qc2 f5 17. e5 g4 18. exd6 cxd6 19. Ne1 f4 20. Bd2 Bb7 21. Nd3 Qe4 22. Ne1 Qd5 23. Bc3 Rae8 24. f3 b4 0-1

[Event "16th EWICC 2015"]
[Site "Kutaisi"]
[Date "2015.06.01"]
[Round "1"]
[White "Esadze, Tamar"]
[Black "Gvetadze, Sofio"]
[Result "0-1"]
[ECO "B06"]
[WhiteElo "1697"]
[BlackElo "2319"]
[Annotator "Robot 11"]
[PlyCount "78"]
[EventDate "2015.??.??"]
[EventCountry "GEO"]
[TimeControl "900+10"]

1. e4 c6 2. d4 g6 3. Nc3 Bg7 4. Nf3 d6 5. Be3 Nd7 6. Be2 Qc7 7. O-O Ngf6 8.
h3 O-O 9. Qd2 b5 10. a3 Bb7 11. Rad1 a6 12. Rfe1 c5 13. dxc5 Nxc5 14. Bxc5 Qxc5 15. Bd3 Rfd8 16. Qe3 Qc7 17. Nd4 Rac8 18. f4 e5 19. Nde2 d5 20. exd5 Nxd5 21. Nxd5 Bxd5 22. f5 Qb7 23. Ng3 Bxg2 24. Ne4 Bxe4 25. Bxe4 Qe7 26. Kh2 Rc4 27. fxg6 hxg6 28. Bd3 Rh4 29. Qg3 e4 30. Qg2 Be5+ 31. Kh1 exd3 32. cxd3 Qe6 33. Re3 Qd6 34. Rde1 Bf6 35. b4 Kg7 36. Qf2 Rf4 37. Qg2 Bh4 38. Re8 Bxe1 39. Qb2+ Qd4 0-1

[Event "16th EWICC 2015"]
[Site "Kutaisi"]
[Date "2015.06.01"]
[Round "1"]
[White "Gaprindashvili, Nona"]
[Black "Giorgadze, Elene"]
[Result "1-0"]
[ECO "D10"]
[WhiteElo "2302"]
[BlackElo "1185"]
[Annotator "Robot 11"]
[PlyCount "48"]
[EventDate "2015.??.??"]
[EventCountry "GEO"]
[TimeControl "900+10"]

1. d4 d5 2. c4 c6 3. cxd5 cxd5 4. Nc3 e6 5. Bf4 Bb4 6. Qb3 Bxc3+ 7. Qxc3 Nc6 8. e3 h5 9. Nf3 f6 10. h4 Nge7 11. Bd3 Qa5 12. Qxa5 Nxa5 13. Ke2 Kf7 14. Rhc1 Bd7 15. Rc7 Bc6 16. Bd6 Rhe8 17. Bb4 Nc4 18. b3 Nb6 19. Bxe7 Rxe7 20. Bg6+ Kf8 21. Rxe7 Kxe7 22. Bxh5 Rc8 23. Kd2 Bb5 24. Bg6 Ra8 1-0

[Event "16th EWICC 2015"]
[Site "Kutaisi"]
[Date "2015.06.01"]
[Round "1"]
[White "Gognadze, Tsira"]
[Black "Dordzhieva, Dinara"]
[Result "0-1"]
[ECO "B90"]
[WhiteElo "1144"]
[BlackElo "2242"]
[Annotator "Robot 11"]
[PlyCount "62"]
[EventDate "2015.??.??"]
[EventCountry "GEO"]
[TimeControl "900+10"]

1. e4 c5 2. Nf3 d6 3. d4 cxd4 4. Nxd4 Nf6 5. Nc3 a6 6. f3 e6 7. a4 Be7 8.
Be3 b6 9. Qd2 Qc7 10. f4 Bb7 11. Bd3 Nbd7 12. g3 Nc5 13. Rf1 Nfxe4 14. Nxe4 Nxe4 15. Bxe4 Bxe4 16. O-O-O Rc8 17. Rf2 O-O 18. c3 Qc4 19. b3 Qxc3+ 20. Qxc3 Rxc3+ 21. Kd2 Rfc8 22. Ne2 Rd3+ 23. Ke1 Rxe3 24. Kf1 Bd3 25. Rd2 d5 26. Kg2 Bb4 27. Ra2 Rc2 28. Rxc2 Bxc2 29. Nd4 Be4+ 30. Kg1 Bc5 31. Rd2 Rd3 0-1

[Event "16th EWICC 2015"]
[Site "Kutaisi"]
[Date "2015.06.01"]
[Round "1"]
[White "Ibrahimova, Sabina"]
[Black "Melia, Salome"]
[Result "1-0"]
[ECO "B35"]
[WhiteElo "2272"]
[BlackElo "2452"]
[Annotator "Robot 11"]
[PlyCount "162"]
[EventDate "2015.??.??"]
[EventCountry "GEO"]
[TimeControl "900+10"]

1. e4 c5 2. Nf3 Nc6 3. d4 cxd4 4. Nxd4 g6 5. Nc3 Bg7 6. Be3 Nf6 7. Bc4 Qa5 8.
O-O O-O 9. Bb3 d6 10. h3 Bd7 11. Nf3 Rac8 12. Re1 Qh5 13. Bf4 Rfd8 14. Ng5 Qxd1 15. Raxd1 Be8 16. Nf3 Nd7 17. Nd5 Bxb2 18. Bg5 Nf6 19. Rb1 h6 20. Bxh6 Ba3 21. Bg5 Kg7 22. Rbd1 Bc5 23. Bc1 b5 24. Bb2 a5 25. g4 e5 26. Nxf6 Kxf6 27. Bd5 Nb4 28. Re2 Nxd5 29. exd5 Kg7 30. g5 Bd7 31. Kg2 Bb6 32. Kg3 Rc4 33. c3 Rh8 34. Rh1 Bc8 35. Rh2 a4 36. a3 Ba5 37. Re3 Bb7 38.
Nd2 Rch4 39. Rd3 Bc8 40. Kg2 R8h5 41. Rg3 Bb7 42. Rd3 Rxg5+ 43.
Kf1 Rf5 44. Rg2 Rhf4 45. Ke2 Kg8 46. f3 Rh4 47. Ne4 Bc7 48. Rg3 Kg7 49. Bc1 Rfh5 50. Bg5 Rxh3 51. Rxh3 Rxh3 52. Be7 Rh2+ 53. Kd1 Ba6 54. Nxd6 Bxd6 55. Bxd6 Rh1+ 56. Kd2 b4 57. Re3 b3 58.
c4 f6 59. Kc3 Rc1+ 60. Kb2 Rc2+ 61. Kb1 Bxc4 62. f4 Rd2 63. fxe5 Bd3+ 64. Kc1 Rc2+ 65. Kb1 Rd2+ 66. Kc1 b2+ 67. Kxd2 b1=Q 68. Rxd3 Qb2+ 69. Ke3 fxe5 70. Bb4 Qc1+ 71. Ke2 e4 72. Rd2 Qc4+ 73. Ke3 Kf7 74. d6 Qb3+ 75. Kxe4 Qe6+ 76. Kf3 Qf5+ 77. Ke3 Qe5+ 78. Kf3 Ke8 79. Re2 Qxe2+ 80. Kxe2 Kd7 81. Kf3 Ke8 1-0

[Event "16th EWICC 2015"]
[Site "Kutaisi"]
[Date "2015.06.01"]
[Round "1"]
[White "Khomeriki, Nino"]
[Black "Javakhishvili, Lela"]
[Result "1/2-1/2"]
[ECO "A04"]
[WhiteElo "2228"]
[BlackElo "2472"]
[Annotator "Robot 11"]
[PlyCount "85"]
[EventDate "2015.??.??"]
[EventCountry "GEO"]
[TimeControl "900+10"]

1. Nf3 g6 2. g3 Bg7 3. Bg2 e5 4. d3 d5 5. Nbd2 Ne7 6. e4 c6 7. O-O O-O 8. Qe2 Nd7 9. b3 Re8 10. Bb2 d4 11. a4 a5 12. Nc4 Qc7 13. Ba3 c5 14. Nfd2 Nf8 15.
f4 exf4 16. gxf4 Nd5 17. e5 Nc3 18. Qf2 Ra6 19. Rae1 b5 20. Nd6 Bd7 21. Nxe8 Bxe8 22. axb5 Nxb5 23. Bc1 Bd7 24. Ne4 Be6 25. Qh4 Nc3 26. Nf6+ Kh8 27. Ne8 Qc8 28. Nxg7 Kxg7 29. f5 Bxf5 30. Bg5 h5 31. Bf6+ Kg8 32. Rf2 Nh7 33. Ref1 Be6 34. Qf4 Qf8 35. Bf3 Nd5 36. Qh4 Ne3 37. Re1 Qh6 38. Bb7 Ra7 39. Be4 Ng4 40. Rg2 Ne3 41. Rf2 Ng4 42. Rg2 Ne3 43. Rf2 1/2-1/2

[Event "16th EWICC 2015"]
[Site "Kutaisi"]
[Date "2015.06.01"]
[Round "1"]
[White "Khurtsidze, Nino"]
[Black "Khomeriki, Ketevan"]
[Result "1-0"]
[ECO "D37"]
[WhiteElo "2451"]
[BlackElo "1861"]
[Annotator "Robot 11"]
[PlyCount "39"]
[EventDate "2015.??.??"]
[EventCountry "GEO"]
[TimeControl "900+10"]

1. d4 d5 2. c4 e6 3. Nc3 Nf6 4. Nf3 Be7 5. Bf4 c6 6. e3 Nbd7 7. h3 dxc4 8.
Bxc4 Nb6 9. Bb3 Nbd5 10. O-O Nxf4 11. exf4 Qc7 12. Ne5 Nd5 13. Qf3 O-O 14. Rfe1 Bd6 15. Ne4 Bxe5 16. fxe5 b6 17. Qh5 Ba6 18. Rad1 Rad8 19. Bc2 Nf4 20. Nf6+ 1-0

[Event "16th EWICC 2015"]
[Site "Kutaisi"]
[Date "2015.06.01"]
[Round "1"]
[White "Kostava, Elene"]
[Black "Mikadze, Miranda"]
[Result "0-1"]
[ECO "D17"]
[WhiteElo "1691"]
[BlackElo "2233"]
[Annotator "Robot 11"]
[PlyCount "118"]
[EventDate "2015.??.??"]
[EventCountry "GEO"]
[TimeControl "900+10"]

1. d4 d5 2. Nf3 Nf6 3. c4 c6 4. Nc3 dxc4 5. a4 Bf5 6. Ne5 Nbd7 7. Bf4 Nd5 8. Bg3 Nxe5 9. Bxe5 e6 10. e3 Bb4 11. Rc1 f6 12. Bg3 Nxc3 13.
bxc3 Ba3 14. Bxc4 Bxc1 15. Qxc1 Be4 16. f3
Bd5 17. Bd3 c5 18. Bb5+ Bc6 19. Bxc6+ bxc6 20. O-O Qd5 21. Rd1 cxd4 22. Rxd4
Qa2 23. Bd6 Rd8 24. Qd1 Kf7 25. Bc7 Rxd4 26. Qxd4 Qb1+ 27. Kf2 Qb7 28. Qd7+ Kg6
29. Qd3+ f5 30. Qd7 Qc8 31. Qd6 Re8 32. Qg3+ Kf7 33. Be5 Rg8 34. Qh4 h6 35.
Qh5+ Ke7 36. Qg6 Qe8 37. Qg3 Kf7 38. Bd6 Qd7 39. c4 c5 40. Qe5 Rc8 41. Bxc5 Qc7
42. Qxc7+ Rxc7 43. Bd6 Rxc4 44. a5 Ke8 45. Bb8 a6 46. Ba7 Kd7 47. Bd4 g6 48.
Ke2 Rc2+ 49. Kf1 Kc6 50. h3 Kb5 51. Bb6 Kc4 52. g4 Kd3 53. gxf5 gxf5 54. h4 Rh2
55. h5 Rxh5 56. Kf2 Rh1 57. Kg2 Re1 58. Kf2 Re2+ 59. Kg3 Rxe3 0-1

[Event "16th EWICC 2015"]
[Site "Kutaisi"]
[Date "2015.06.01"]
[Round "1"]
[White "Kosteniuk, Alexandra"]
[Black "Mammadzada, Gunay"]
[Result "1-0"]
[ECO "B52"]
[WhiteElo "2530"]
[BlackElo "2336"]
[Annotator "Robot 11"]
[PlyCount "73"]
[EventDate "2015.??.??"]
[EventCountry "GEO"]
[TimeControl "900+10"]

1. e4 c5 2. Nf3 d6 3. Bb5+ Bd7 4. Bxd7+ Qxd7 5. d4 cxd4 6. Qxd4 Nc6 7. Qd3 g6 8. O-O Nf6 9. h3 Bg7 10. c4 O-O 11. Nc3 Rfc8 12. Rb1 Qd8 13.
Qe2 Nd7 14. Nd5 e6 15. Ne3 a6 16. Rd1 Qe7 17. b3 Nc5 18. Ng4 h5 19. Nh6+ Kh8 20. Qe3 f6 21. Rxd6 Nd7 22. Ba3 Qe8 23. Rbd1 Rc7 24. Qd2 Nf8 25. e5 Kh7 26. Bc1 g5 27. exf6 Bxh6 28. h4 Ng6 29. Nxg5+ Bxg5 30. Qxg5 Nge5 31. Bf4 Qg6 32. Rxe6 Qxg5 33. hxg5 Rd7 34. Rd5 Rxd5 35. cxd5 Ng6 36. f7 Nce7 37. Bd6 1-0

[Event "16th EWICC 2015"]
[Site "Kutaisi"]
[Date "2015.06.01"]
[Round "1"]
[White "Mammadova, Gulnar"]
[Black "Jalaghonia, Nino"]
[Result "1-0"]
[ECO "B27"]
[WhiteElo "2293"]
[BlackElo "1865"]
[Annotator "Robot 11"]
[PlyCount "75"]
[EventDate "2015.??.??"]
[EventCountry "GEO"]
[TimeControl "900+10"]

1. e4 c5 2. Nf3 g6 3. Nc3 Bg7 4. g3 Nc6 5. Bg2 d6 6. O-O Nf6 7. d3 O-O 8. Nh4 Nd4 9. h3 Rb8 10. Be3 b5 11. Ne2 Nd7 12. c3 Nxe2+ 13. Qxe2 b4 14. c4 b3 15. a3 a5 16. f4 a4 17. Nf3 Bb7 18. g4 e6 19. Bf2 Qe8 20. Rae1 f5 21. exf5 exf5 22. Qd2 Qc8 23. Bh4 Nf6 24. g5 Ne8 25. Bf2 Nc7 26. d4 cxd4 27.
Bxd4 d5 28. Bxg7 Kxg7 29. Re7+ Kg8 30. Rfe1 dxc4 31. Qd4 Ne8 32. Bf1 Ba6 33. Ne5 Qd8 34. Bxc4+ Bxc4 35. Qxc4+ Kh8 36. Nf7+ Rxf7 37. Qxf7 Qb6+ 38. R1e3 1-0

[Event "16th EWICC 2015"]
[Site "Kutaisi"]
[Date "2015.06.01"]
[Round "1"]
[White "Melashvili, Nino"]
[Black "Galliamova, Alisa"]
[Result "0-1"]
[ECO "D02"]
[WhiteElo "2173"]
[BlackElo "2478"]
[Annotator "Robot 11"]
[PlyCount "55"]
[EventDate "2015.??.??"]
[EventCountry "GEO"]
[TimeControl "900+10"]

1. Nf3 d5 2. d4 Nf6 3. Bf4 c5 4. e3 Nc6 5. c3 Qb6 6. Qc2 Nh5 7. Bg5 h6 8.
Bh4 g5 9. Bg3 Nxg3 10. hxg3 g4 11. dxc5 Qxc5 12. Nd4 e5 13. Nf5 Bd7 14. Na3 O-O-O 15. O-O-O Kb8 16. Kb1 Qa5 17. Nb5 a6 18. Nbd6 Be6 19. e4 Bxd6 20. exd5 Bxd5 21. Nxd6 Qxa2+ 22. Kc1 Rxd6 23. c4 Nb4 24. Qc3 Qa1+ 25. Kd2 Be4+ 26. Bd3 Rxd3+ 27. Qxd3 Qxb2+ 28. Ke1
0-1

[Event "16th EWICC 2015"]
[Site "Kutaisi"]
[Date "2015.06.01"]
[Round "1"]
[White "Paehtz, Elisabeth"]
[Black "Gevorgyan, Maria"]
[Result "1-0"]
[ECO "D70"]
[WhiteElo "2473"]
[BlackElo "2190"]
[Annotator "Robot 11"]
[PlyCount "99"]
[EventDate "2015.??.??"]
[EventCountry "GEO"]
[TimeControl "900+10"]

1. Nf3 d5 2. c4 c6 3. d4 Nf6 4. Nbd2 a6 5. Qc2 g6 6. e4 dxe4 7. Nxe4 Nxe4 8.
Qxe4 Bf5 9. Qe5 f6 10. Qe3 Bg7 11. Be2 O-O 12. O-O Qc7 13. Bd2 e5 14. dxe5 fxe5 15. Ng5 h6 16. Ne4 b6 17. Bf3 Nd7 18. Bb4 c5 19. Bc3 Rad8 20.
Rad1 Nb8 21. b4 Rd4 22. Bxd4 exd4 23. Qa3 Nd7 24. Ng3 Be6 25. Be2 a5 26. bxa5 Ra8 27. a6 Nb8 28. Qd3 Bf7 29. Bf3 Rxa6 30. Rfe1 Nd7 31. Bd5 Ne5 32. Qe4 Kh7 33. h4 Nxc4 34. h5 b5 35. hxg6+ Bxg6 36. Qh4 Rxa2 37. Re7 Qd6 38. Be4 Kg8 39. Bxg6 Qxg6 40. Nh5 Ne3 41. Rxg7+ Qxg7 42. Nxg7 Nxd1 43. Qf6 Rxf2 44. Nf5 Rxf5 45. Qxf5 c4 46. Qg4+ Kf7 47. Qxd1 d3 48. Qh5+ Ke7 49. Qxb5 d2 50. Qb4+ 1-0

[Event "16th EWICC 2015"]
[Site "Kutaisi"]
[Date "2015.06.01"]
[Round "1"]
[White "Petrenko, Svetlana"]
[Black "Gaponenko, Inna"]
[Result "0-1"]
[ECO "B08"]
[WhiteElo "2207"]
[BlackElo "2391"]
[Annotator "Robot 11"]
[PlyCount "88"]
[EventDate "2015.??.??"]
[EventCountry "GEO"]
[TimeControl "900+10"]

1. e4 d6 2. d4 Nf6 3. Nc3 g6 4. Nf3 Bg7 5. Be2 O-O 6. O-O Nbd7 7. h3 c5 8. d5 a6 9. a4 Ne5 10. Nh2 Ne8 11. f4 Nd7 12. f5 Ne5 13. g4 Rb8 14. a5 b5 15.
axb6 Rxb6 16. Nf3 Nxf3+ 17. Rxf3 Nf6 18. g5 Nd7 19. Qf1 Ne5 20.
Rg3 f6 21. Bxa6 Bxa6 22. Rxa6 Rxa6 23. Qxa6 fxg5 24. Bxg5 gxf5 25.
Bh6 Ng6 26. Bxg7 Kxg7 27. Qa7 f4 28. Rg5 Kh6 29. Rf5 Qc8 30.
Rxf8 Qxf8 31. Qd7 Qg7 32. Qg4 Qd4+ 33. Kh2 Qf2+ 34. Qg2 Qe1 35. Qg1 Qh4 36. Nd1 Ne5 37. Qg2 f3 38. Qd2+ Kg6 39. Nf2 h5 40.
Nd3 Ng4+ 41. Kg1 Qg3+ 42. Kh1 Qxh3+ 43. Kg1 Qg3+ 44. Kh1 f2 0-1

[Event "16th EWICC 2015"]
[Site "Kutaisi"]
[Date "2015.06.01"]
[Round "1"]
[White "Tedoshvili, Ana"]
[Black "Schleining, Zoya"]
[Result "0-1"]
[ECO "B90"]
[WhiteElo "1805"]
[BlackElo "2375"]
[Annotator "Robot 11"]
[PlyCount "58"]
[EventDate "2015.??.??"]
[EventCountry "GEO"]
[TimeControl "900+10"]

1. e4 c5 2. Nf3 d6 3. d4 cxd4 4. Nxd4 Nf6 5. Nc3 a6 6. Be3 e6 7. Be2 b5 8. a3 Bb7 9. f3 Be7 10. O-O O-O 11. Kh1 Nc6 12. Bd3 Qc7 13. f4 Nxd4 14. Bxd4 e5 15.
Be3 Rad8 16. Qf3 Bc6 17. Nd5 Bxd5 18. exd5 Rfe8 19. f5 e4 20. Bxe4 Nxe4 21. Qxe4 Bg5 22. Qg4 Bxe3 23. f6 g6 24. Qh3 h5 25. Rae1 Bh6 26. Rxe8+ Rxe8 27. g4 Qc4 28. gxh5 Qxd5+ 29. Kg1 Be3+ 0-1

[Event "16th EWICC 2015"]
[Site "Kutaisi"]
[Date "2015.06.01"]
[Round "1"]
[White "Tereladze, Sopiko"]
[Black "Stefanova, Antoaneta"]
[Result "0-1"]
[ECO "D11"]
[WhiteElo "2128"]
[BlackElo "2512"]
[Annotator "Robot 11"]
[PlyCount "52"]
[EventDate "2015.??.??"]
[EventCountry "GEO"]
[TimeControl "900+10"]

1. d4 d5 2. c4 c6 3. Nf3 Nf6 4. Qc2 g6 5. e3 Bg7 6. Nc3 O-O 7. h3 Na6 8. a3 c5 9. cxd5 cxd4 10. exd4 Nc7 11. Bc4 a6 12. O-O b5 13. Bb3 Bb7 14. Ne5 Ncxd5 15. Nxd5 Bxd5 16. Bxd5 Nxd5 17. Re1 Rc8 18. Qb3 e6 19. Bd2 Qh4 20.
Bb4 Rfd8 21. Bc5 Qg5 22. Nf3 Qf5 23. Rad1 Nf4 24. Qe3 Bh6 25. Qe4 Qxe4 26. Rxe4 Rxc5 0-1

[Event "16th EWICC 2015"]
[Site "Kutaisi"]
[Date "2015.06.01"]
[Round "1"]
[White "Vakhania, Alexandra"]
[Black "Gunina, Valentina"]
[Result "0-1"]
[ECO "D03"]
[WhiteElo "2130"]
[BlackElo "2535"]
[Annotator "Robot 11"]
[PlyCount "122"]
[EventDate "2015.??.??"]
[EventCountry "GEO"]
[TimeControl "900+10"]

1. Nf3 d5 2. d4 Nf6 3. Bg5 Ne4 4. Bh4 c6 5. c3 g6 6. e3 Bg7 7. Bd3 O-O 8.
Nbd2 Bf5 9. Qc2 Nd6 10. e4 dxe4 11. Nxe4 Bxe4 12. Bxe4 Re8 13.
O-O-O Nd7 14. Kb1 a5 15. Bd3 b5 16. Bg3 Qb6 17. Ne5 Nf8 18. h4 b4 19. h5 bxc3 20. Qxc3 Rab8 21. hxg6 hxg6 22. Nxc6 Rbc8 23. Bxd6 exd6 24. Ne7+ Rxe7 25. Qxc8 Rc7 26. Qa6 Qxd4 27. Rd2 Qb4 28. Re2 Re7 29. Qb5 Rb7 30. Qxb4 Rxb4 31. b3 d5 32. Re8 a4 33. Bc2 Bf6 34. Rd1 Rb5 35.
Ra8 axb3 36. Bxb3 d4 37. Kc2 Rc5+ 38. Kd3 Rc7 39. Rd2 Kg7 40. Rc2 Rb7 41. Rac8 Be5 42. Ke4 Re7 43. Kd3 g5 44. R2c5 Nd7 45. Rb5 Bf6 46. a4 Ne5+ 47. Kd2 g4 48. a5 Bg5+ 49. Kd1 d3 50. a6 d2 51. Rb7 Nd7 52.
Kc2 Re1 53. Kd3 Ne5+ 54. Kd4 Rb1 55. Bc2 Rc1 56. Kxe5 Rxc2 57. Rxc2 d1=Q 58. Rcc7 Bf6+ 59. Kf5 Qd5+ 60. Kxg4 Qxg2+ 61. Kf5 Qf3# 0-1

[Event "16th EWICC 2015"]
[Site "Kutaisi"]
[Date "2015.06.01"]
[Round "2"]
[White "Galliamova, Alisa"]
[Black "Charkhalashvili, Inga"]
[Result "0-1"]
[ECO "A45"]
[WhiteElo "2478"]
[BlackElo "2318"]
[Annotator "Robot 11"]
[PlyCount "148"]
[EventDate "2015.??.??"]
[EventCountry "GEO"]
[TimeControl "900+10"]

1. d4 Nf6 2. g3 d5 3. Bg2 e6 4. Nf3 Be7 5. O-O O-O 6. b3 c5 7. e3 Nc6 8. Bb2 b6 9. Ne5 Bb7 10. Nd2 Rc8 11. f4 Bd6 12. c4 Qe7 13. g4 dxc4 14. g5 Nd5 15.
Nxc6 Bxc6 16. Nxc4 Bb8 17. Qe2 Rfd8 18. Rad1 Nb4 19. dxc5 Bxg2 20. Kxg2 bxc5 21. Ba1 Nd5 22. Rf3 Nc7 23. Rh3 Ne8 24. Qh5 Qb7+ 25.
Kg1 Qe4 26. Rf1 Qg6 27. Qe2 Qd3 28. Qg2 Nd6 29. Bf6 Nxc4 30. bxc4 Rd7 31. e4 Qxc4 32. Qg4 Qxe4 33. Bc3 Rcd8 34. Re1 Qf5 35. Qxf5 exf5 36. Rhe3 Kf8 37. Be5 Bxe5 38. Rxe5 Rd5 39. Kf2 c4 40. Rxd5 Rxd5 41. Rc1 Rd4 42. Ke3 Rd3+ 43. Ke2 Rh3 44. Rxc4 Rxh2+ 45. Ke3 Rxa2 46. Rc8+ Ke7 47. Rc7+ Ke6 48. Rc6+ Kd7 49. Rc5 Ra3+ 50. Kd4 g6 51. Ke5 Ra6 52. Rb5 Re6+ 53. Kd5 Rb6 54. Ra5 a6 55. Ra1 Ke7 56. Rc1 Rb5+ 57. Kd4 Rb4+ 58. Ke3 Rb3+ 59. Kf2 Kf8 60. Ra1 Rb6 61. Rc1 a5 62. Rc8+ Kg7 63. Ra8 Rb4 64. Kf3 Ra4 65. Ra7 Ra3+ 66. Kf2 a4 67. Kg2 Ra1 68. Kh2 a3 69. Kg2 a2 70. Kh2 h6 71. gxh6+ Kxh6 72. Kg2 Kh5 73. Ra4 Kg4 74. Kh2 Kf3 0-1

[Event "16th EWICC 2015"]
[Site "Kutaisi"]
[Date "2015.06.01"]
[Round "2"]
[White "Gunina, Valentina"]
[Black "Mammadova, Gulnar"]
[Result "1-0"]
[ECO "A96"]
[WhiteElo "2535"]
[BlackElo "2293"]
[Annotator "Robot 11"]
[PlyCount "57"]
[EventDate "2015.??.??"]
[EventCountry "GEO"]
[TimeControl "900+10"]

1. d4 e6 2. c4 f5 3. Nf3 Nf6 4. g3 Be7 5. Bg2 d6 6. O-O O-O 7. Nc3 c6 8. Qc2 Qe8 9. e4 fxe4 10. Nxe4 Qh5 11. Re1 Nbd7 12. Neg5 e5 13. Ne6 Rf7 14. Nfg5 Nf8 15. Nxf7 Nxe6 16. dxe5 Kxf7 17. exf6 Bxf6 18. Be3 Bd7 19. Rad1 Be7 20. f4 Nf8 21. Bd4 Ne6 22. Bf2 Bf8 23. f5 Ng5 24. Qb3 Nh3+ 25.
Bxh3 Qxh3 26. c5+ d5 27. Qxb7 Rd8 28. Qc7 Be7 29. Rxe7+ 1-0

[Event "16th EWICC 2015"]
[Site "Kutaisi"]
[Date "2015.06.01"]
[Round "2"]
[White "Guramishvili, Sopiko"]
[Black "Arabidze, Meri"]
[Result "1/2-1/2"]
[ECO "E32"]
[WhiteElo "2370"]
[BlackElo "2403"]
[Annotator "Robot 11"]
[PlyCount "82"]
[EventDate "2015.??.??"]
[EventCountry "GEO"]
[TimeControl "900+10"]

1. d4 Nf6 2. c4 e6 3. Nc3 Bb4 4. Qc2 O-O 5. Nf3 d6 6. Bg5 Nbd7 7. e3 h6 8.
Bh4 b6 9. Be2 Bb7 10. O-O Bxc3 11. Qxc3 Ne4 12. Qc2 Qe8 13. Nd2 f5 14. f3 Nxd2 15. Qxd2 e5 16. b4 a5 17. b5 f4 18. Bf2 fxe3 19. Bxe3 exd4 20. Bxd4 Qf7 21. Rae1 Nc5 22. Ba1 Rae8 23. Qc3 Bc8 24. Bd3 Nxd3 25. Qxd3 Be6 26. Rc1 Bf5 27. Qd4 Re2 28. Rf2 Rfe8 29. Bc3 Qg6 30.
a3 Rxf2 31. Kxf2 Bd3 32. Re1 Rxe1 33. Bxe1 Bf5 34. Bc3 Kh7 35. g4 Be6 36. Ke3 Kg8 37. Qf4 Qc2 38. Qd4 Qg6 39. Qf4 Bf7 40. Kd2 Be6 41. h4 Qf7 1/2-1/2

[Event "16th EWICC 2015"]
[Site "Kutaisi"]
[Date "2015.06.01"]
[Round "2"]
[White "Gvetadze, Sofio"]
[Black "Kosteniuk, Alexandra"]
[Result "1-0"]
[ECO "B30"]
[WhiteElo "2319"]
[BlackElo "2530"]
[Annotator "Robot 11"]
[PlyCount "81"]
[EventDate "2015.??.??"]
[EventCountry "GEO"]
[TimeControl "900+10"]

1. e4 c5 2. Nf3 Nc6 3. Bb5 Nf6 4. Nc3 g6 5. O-O Bg7 6. Bxc6 bxc6 7. d3 O-O 8. h3 Rb8 9. Rb1 d6 10. Be3 Nd7 11. Qd2 Re8 12. Bh6 Bh8 13.
Ng5 Nf8 14. f4 f6 15. Nf3 f5 16. Kh1 e6 17. Qf2 Bg7 18. Bxg7 Kxg7 19. e5 d5 20. Qxc5 Qb6 21. Qa3 Nd7 22. b3 c5 23. Qc1 d4 24. Ne2 Bb7 25. Qe1 Qd8 26. c4 dxc3 27. Qxc3 Rc8 28. d4 Qb6 29. Rbd1 cxd4 30. Qxd4 Nc5 31. b4 Ne4 32. Qxb6 axb6 33. Rd7+ Kg8 34. Rxb7 Rc2 35. Nfg1 Rxa2 36. Rc1 g5 37. Rcc7 gxf4 38. Rg7+ Kh8 39. Rxh7+ Kg8 40. Rbg7+ Kf8 41. Nxf4 1-0